 Dungeon Crawl Stone Soup version 0.24-a0-784-g601f8f6d22 (webtiles) character file.

Game seed: 15690349040210444715, levelgen mode: deterministic

46 MisterFreud the Changer (level 3, -1/21 (23) HPs)
             Began as an Octopode Transmuter on Oct 9, 2019.
             Slain by a necrophage (8 damage)
             ... on level 3 of the Dungeon.
             The game lasted 00:02:44 (2053 turns).

MisterFreud the Changer (Octopode Transmuter)       Turns: 2053, Time: 00:02:45

HP:   -1/21 (23)    AC:  1    Str:  9    XL:     3   Next: 66%
MP:   1/6           EV: 13    Int: 16    God:
Gold: 60            SH:  0    Dex: 12    Spells: 1/7 levels left

rFire    + . .     SeeInvis .     - Unarmed
rCold    x . .     Gourm    .   (no shield)
rNeg     . . .     Faith    .   (helmet restricted)
rPois    .         Spirit   .   (no amulet)
rElec    .         Reflect  .   g - ring of fire
rCorr    .         Harm     .   (no ring)
MR       .....                  (no ring)
Stlth    ++........             (no ring)
HPRegen  0.07/turn              (no ring)
MPRegen  0.10/turn              (no ring)
                                (no ring)
                                (no ring)

@: very slightly contaminated
A: almost no armour, stealthy swim, amphibious, 8 rings, constrict 8, camouflage
1, gelatinous body 1
a: no special abilities


You were on level 3 of the Dungeon.
You were hungry.

You visited 1 branch of the dungeon, and saw 3 of its levels.

You collected 60 gold pieces.

Inventory:

Missiles
 a - 12 arrows
 d - 70 stones (quivered)
 e - 32 bolts
Jewellery
 g - a ring of fire (left tentacle)
Scrolls
 b - 2 scrolls of identify {unknown}
 f - 2 scrolls of remove curse {unknown}
Comestibles
 c - 2 rations


   Skills:
 - Level 1.0 Fighting
 - Level 2.0 Dodging
 - Level 3.0 Unarmed Combat
 + Level 2.6 Spellcasting
 * Level 3.4 Transmutations


You had one spell level left.
You knew the following spells:

 Your Spells              Type           Power        Failure   Level  Hunger
a - Beastly Appendage     Tmut           ##....       4%          1    #......
b - Sticks to Snakes      Tmut           ##......     8%          2    ##.....
c - Spider Form           Tmut/Pois      #.........   28%         3    ###....

Your spell library contained the following spells:

 Spells                   Type           Power        Failure   Level  Hunger
 Ice Form                 Ice/Tmut       #.......     67%         4    #####..
 Blade Hands              Tmut           ##........   80%         5    ######.


Dungeon Overview and Level Annotations

Branches:
Dungeon (3/15)

Altars:

Annotations:
D:2 gnolls!


Innate Abilities, Weirdness & Mutations

You cannot wear most types of armour.
You are very stealthy in the water. (Stealth+)
You are amphibious.
You can wear up to eight rings at the same time.
You can use your tentacles to constrict eight enemies at once.
Your skin changes colour to match your surroundings (Stealth+).
Your rubbery body absorbs attacks. (AC +1, EV +1)


Message History

You hit the necrophage.
The necrophage is lightly damaged.
The necrophage hits you.
You hit the necrophage.
The necrophage is moderately damaged.
The necrophage closely misses you.
You closely miss the necrophage.
The necrophage is moderately damaged.
The giant cockroach closely misses you. The necrophage hits you!
* * * LOW HITPOINT WARNING * * *
You feel your flesh rotting away!
You hit the necrophage.
The necrophage is moderately damaged.
The giant cockroach completely misses you.
The necrophage barely misses you. The giant cockroach misses you.
Your transformation is almost over.
You hear the rapid rusting of a very distant drain.
Your transformation has ended.
The necrophage hits you!
You die...

........#.#.#.).. #.######.# #.#
##.#....#.#.#... #.##.....# #.#
#......#.#.#.. #.##.###.###..
#...#....#.#.# ####..#.#........
#...##.###.#.###.##s.#.#.#.#####
#...##.#.......#.#..............
#...#......#.#.#..K...##.#.#.###
.. ####.###.#.#n......#.#.#....
#.# #.#.@.......#.#.#.### #.#
#.#.####.##.#.#....# #.#
#.............###..#
#.#####.##.####...# #..#
..#...............# #..#
#######.#.####....# #..#
..................# #..#
######.#.#######.###..#
#.....#.รท.........#..#


You could see a necrophage, a giant cockroach and a kobold.

Vanquished Creatures
  2 adders
  2 dart slugs (D:1)
  A leopard gecko (D:1)
  A bat (D:1)
  2 giant cockroaches
  3 goblins (D:1)
  A hobgoblin (D:1)
  4 kobolds (D:1)
  2 frilled lizards
  5 rats
23 creatures vanquished.

Notes
Turn   | Place    | Note
-------+----------+-------------------------------------------
     0 | D:1      | MisterFreud the Octopode Transmuter began the quest for the
                  | Orb.
     0 | D:1      | Reached XP level 1. HP: 13/13 MP: 3/3
   266 | D:1      | Reached XP level 2. HP: 6/18 MP: 5/5
   915 | D:1      | Reached XP level 3. HP: 23/23 MP: 6/6
   919 | D:1      | Learned a level 2 spell: Sticks to Snakes
   923 | D:1      | Learned a level 3 spell: Spider Form
  2034 | D:3      | Noticed a necrophage
  2053 | D:3      | Slain by a necrophage

Levels and vault maps discovered:
D:1:      minmay_arrival_radiant_lines, layout_basic
D:2:      layout_rooms, serial_rivers, chequers_serial_rivers_room_b,
          chequers_serial_rivers_small_a, chequers_serial_rivers_micro_b,
          chequers_serial_rivers_marsh
D:3:      layout_basic, lightli_sewer_entry_pipes

Skill      XL: |  1  2 |
---------------+-------+-----
Transmutations | 3 |  3.4
Fighting       | |  1.0
Dodging        | |  2.0
Unarmed Combat | |  3.0
Spellcasting   | |  2.6

Action                   || total
-------------------------++-------
Melee: Unarmed           ||    61
       Constrict         ||    15
       Tentacles         ||     7
       Kick              ||     1
 Cast: Spider Form       ||     2
       Beastly Appendage ||     2
  Use: Potion            ||     2
 Stab: Sleeping          ||     3
  Eat: Chunk             ||     3
Armor: Skin              ||     5
Dodge: Dodged            ||    39

Table legend:
 A = Non-vault XP
 B = Vault XP
 C = Vault XP percentage of total XP
 D = Non-vault monster count
 E = Vault monster count
 F = Vault count percentage of total count
                 A         B        C        D         E       F
            +---------+---------+-------+---------+---------+-------
      Total |      66 |       0 |   0.0 |      23 |       0 |   0.0
            +---------+---------+-------+---------+---------+-------
        D:1 |      49 |       0 |   0.0 |      19 |       0 |   0.0
        D:3 |      17 |       0 |   0.0 |       4 |       0 |   0.0
            +---------+---------+-------+---------+---------+-------
